 Dungeon Crawl Stone Soup version 0.24.0-28-g17ded55e90 (webtiles) character file.

Game seed: 8449924877759959433, levelgen mode: deterministic

69 Nattfarinn the Chucker (level 4, 0/46 HPs)
             Began as an Ogre Hunter on Nov 11, 2019.
             Slain by a gnoll
             ... wielding a +0 club
              (9 damage)
             ... on level 2 of the Dungeon.
             The game lasted 00:03:42 (1695 turns).

Nattfarinn the Chucker (Ogre Hunter)                Turns: 1695, Time: 00:03:46

Health: 0/46       AC:  3    Str: 16    XL:     4   Next: 20%
Magic:  6/6        EV: 10    Int: 12    God:
Gold:   45         SH:  0    Dex: 10    Spells: 6/6 levels left

rFire    . . .     SeeInvis .   n - +0 spear
rCold    . . .     Gourm    .   (no shield)
rNeg     . . .     Faith    .   b - +0 robe
rPois    .         Spirit   .   (helmet restricted)
rElec    .         Reflect  .   (no cloak)
rCorr    .         Harm     .   (gloves unavailable)
MR       .....                  (boots unavailable)
Stlth    +.........             (no amulet)
HPRegen  0.15/turn              (no ring)
MPRegen  0.10/turn              (no ring)

@: no status effects
A: large, unfitting armour, tough skin 1
a: no special abilities


You were on level 2 of the Dungeon.
You were hungry.

You visited 1 branch of the dungeon, and saw 2 of its levels.

You collected 45 gold pieces.

Inventory:

Hand Weapons
 a - a +0 short sword
 n - a +0 spear (weapon)
Missiles
 c - 2 large rocks (quivered)
 d - 2 throwing nets
Armour
 b - a +0 robe (worn)
Scrolls
 i - a scroll of teleportation {unknown}
 k - a scroll of enchant weapon {unknown}
 l - a scroll of enchant armour {unknown}
 o - a scroll of remove curse {unknown}
Potions
 e - a potion of haste {unknown}
 h - a potion of lignification {unknown}
 j - a potion of resistance {unknown}
 m - a potion of curing {unknown}
Comestibles
 f - 8 rations


   Skills:
 + Level 3.6 Fighting
 + Level 4.4 Throwing
 + Level 2.4 Dodging
 - Level 0.6 Stealth
 + Level 1.8 Spellcasting


You had 6 spell levels left.
You didn't know any spells.
Your spell library was empty.

Dungeon Overview and Level Annotations

Branches:
Dungeon (2/15)

Altars:


Innate Abilities, Weirdness & Mutations

You are too large for most types of armour.
You have tough skin. (AC +1)


Message History

The bat barely misses you. The bat hits you but does no damage.
Throwing (i - inventory. (/) - cycle)
c - 4 large rocks (quivered)
Press: ? - help, Shift-Dir - straight line, f - gnoll
Aim: a gnoll, wielding a +0 club (moderately wounded)
You throw a large rock. The large rock barely misses the gnoll.
The large rock hits the worm.
The worm is moderately wounded.
The bat closely misses you. The gnoll hits you with a +0 club.
* * * LOW HITPOINT WARNING * * *
Throwing (i - inventory. (/) - cycle)
c - 3 large rocks (quivered)
Press: ? - help, Shift-Dir - straight line, f - gnoll, p - gnoll
Aim: a gnoll, wielding a +0 spear You throw a large rock.
The large rock closely misses the gnoll.
The large rock hits the worm!!
You kill the worm!
The bat barely misses you. The gnoll barely misses you.
The gnoll hits you with a +0 club!
You die...

....######.#
....#......# #.#.......
....#.####.# #.#.......
...g(.g.# #.#.......
....#.#.#
#####.#.......
....#.#w###....b.......
....#.#.)##....)....#
....#.##g##.........+
#####.....(gg..g@...#
####.##.........#
#.######+#.### #..# .#
##.# .# #.# .# #.## .#
########## #..# ..
.....#... ##.#
#....#...


You could see 3 gnolls and a bat.

Vanquished Creatures
  A gnoll (D:2)
  An ooze (D:1)
  3 worms (D:2)
  3 dart slugs
  A ball python (D:1)
  2 bats (D:1)
  3 giant cockroaches (D:2)
  7 goblins
  7 hobgoblins
  2 frilled lizards (D:1)
  2 kobolds (D:1)
  6 rats
38 creatures vanquished.

Notes
Turn   | Place    | Note
-------+----------+-------------------------------------------
     0 | D:1      | Nattfarinn the Ogre Hunter began the quest for the Orb.
     0 | D:1      | Reached XP level 1. HP: 22/22 MP: 1/1
   220 | D:1      | Reached XP level 2. HP: 29/31 MP: 2/2
   499 | D:1      | Reached skill level 1 in Spellcasting
   521 | D:1      | Reached XP level 3. HP: 29/37 MP: 4/4
  1678 | D:2      | Reached XP level 4. HP: 23/46 MP: 6/6
  1695 | D:2      | Slain by a gnoll

Levels and vault maps discovered:
D:1:      dpeg_arrival_radiant, layout_basic, due_unseen_surprise
D:2:      layout_basic, nicolae_overflow_hidden_temple,
          minmay_misc_feat_encased, hangedman_glass_garden, st_stairs_12,
          uniq_sigmund

Skill      XL: |  1  2 |
---------------+-------+-----
Fighting       | 3 |  3.6
Dodging        | 2 |  2.4
Spellcasting   | 1 |  1.8
Throwing       | |  4.4
Stealth        | |  0.6

Action                   |  1- 3 |  4- 6 || total
-------------------------+-------+-------++-------
Melee: Short sword       |   119 |       ||   119
       Spear             |    18 |     3 ||    21
Throw: Large rock        |    12 |     2 ||    14
  Eat: Chunk             |     2 |       ||     2
Armor: Robe              |    39 |     1 ||    40
Dodge: Dodged            |    66 |     4 ||    70
